AoeStats
← drug god

Arabia

510723596Analyzed
1v1 RM · 17h ago on Oct 2, 2026· 37m 38s· 2 players
Game mode
Random Map
Map size
Tiny (2 player)
Population
200
Speed
Normal
Resources
Standard
Victory
Conquest
Starting age
Dark Age
Ending age
Imperial Age
RankedLock teamsTeams togetherTeam positionsShared explorationLock speedFull tech treeHidden civsTurbo modeCheats
Victory
Defeat
🇨🇳 Ethiopians · China
1117
+16
🇩🇪 Armenians · Germany
1124
-16
drug god
3:19 Loom
9:55 Feudal Age
13:09 Fletching
19:31 Padded Archer Armor
22:58 Castle Age
21:42 Double-Bit Axe
21:49 Gold Mining
21:42 Horse Collar
23:09 Crossbowman
23:46 Bodkin Arrow
25:12 Ballistics
29:27 Leather Archer Armor
29:33 Stone Mining
37:18 Imperial Age
36:24 Bow Saw
36:50 Thumb Ring
Onkel Olli
7:15 Loom
10:44 Feudal Age
11:53 Double-Bit Axe
12:58 Horse Collar
15:57 Fletching
16:08 Padded Archer Armor
22:46 Castle Age
22:54 Elite Skirmisher
24:17 Bodkin Arrow
25:38 Leather Archer Armor
29:05 Ballistics
39:49 Imperial Age
Connection lost

Rejoining the realm…

Still unreachable

The connection could not be restored.

Session expired

The server has moved on; the page needs a fresh start.